 Dungeon Crawl Stone Soup version 0.20-a0-959-gdc9e609 (webtiles) character file.

185434 inmateoo the Destroyer (level 17, 0/114 HPs)
             Began as a Demonspawn Conjurer on Apr 6, 2017.
             Was a High Priest of Hepliaklqana.
             Slain by a merfolk
             ... wielding a +0 spear
              (7 damage)
             ... on level 4 of the Shoals.
             The game lasted 02:29:28 (45486 turns).

inmateoo the Destroyer (Demonspawn Conjurer)       Turns: 45486, Time: 02:29:29

Health: 0/114      AC: 20    Str: 14    XL:     17   Next: 81%
Magic:  14/41      EV: 16    Int: 22    God:    Hepliaklqana [*****.]
Gold:   2223       SH: 13    Dex: 15    Spells: 6/39 levels left

rFire    + + .     SeeInvis .   N - +4 quick blade (chaos)
rCold    + + +     Gourm    .   n - +1 buckler
rNeg     + . .     Faith    .   C - +1 leather armour of the Mind {*Corrode rElec Str+3 Slay+3}
rPois    +         Spirit   .   V - +2 hat
rElec    +         Reflect  +   I - +2 cloak
rCorr    +         Harm     .   v - +2 pair of gloves
MR       ++...     Rnd*Rage +   e - +2 pair of boots
Stlth    +++.......             h - amulet of Neurosis {Reflect *Drain rF++ MP+9 SH+5 Stlth+}
Regen    0.3/turn               G - ring of protection from magic
MPRegen  0.3/turn               W - ring of protection from cold

@: very slow
A: reduced essence, antennae 1, beak, yellow scales 3, berserk 1, cold
resistance 2, foul stench 2, negative energy resistance 1, poison resistance,
shaggy fur 1, strong 1, wild magic 1, rot immunity, freezing cloud immunity
a: Recall Ancestor, Ancestor Identity, Transference, Idealise, Renounce Religion


You were on level 4 of the Shoals.
You worshipped Hepliaklqana.
Hepliaklqana was extremely pleased with you.
You were hungry.

You visited 7 branches of the dungeon, and saw 32 of its levels.
You also visited: Ice Cave and Volcano.

You collected 3215 gold pieces.
You spent 992 gold pieces at shops.

Inventory:

Hand Weapons
 u - a +4 whip of electrocution
 N - a +4 quick blade of chaos (weapon)
Missiles
 m - 8 needles of frenzy
Armour
 e - a +2 pair of boots (worn)
 i - a +2 helmet
 n - a +1 buckler (worn)
 v - a +2 pair of gloves (worn)
 C - the +1 leather armour of the Mind (worn) {*Corrode rElec Str+3 Slay+3}
   (You found it on level 5 of the Lair of Beasts)

   It affects your strength (+3).
   It affects your accuracy and damage with ranged weapons and melee attacks
   (+3).
   It insulates you from electricity.
   It may corrode you when you take damage.
 I - a +2 cloak (worn)
 V - a +2 hat (worn)
Jewellery
 d - the ring "Lurol" {*Contam rElec rPois EV+2, unknown}
   (You took it off a merfolk siren on level 4 of the Shoals)

   [ring of evasion]

   It affects your evasion (+2).
   It insulates you from electricity.
   It protects you from poison.
   It causes magical contamination when unequipped.
 h - the amulet of Neurosis (around neck) {Reflect *Drain rF++ MP+9 SH+5 Stlth+}
   (You found it on level 5 of the Lair of Beasts)

   [amulet of reflection]

   It shields you and reflects attacks.
   It greatly protects you from fire.
   It affects your magic capacity (+9).
   It causes draining when unequipped.
   It affects your SH (+5).
   It makes you more stealthy.
 k - an uncursed ring of protection from fire
 G - a ring of protection from magic (left hand)
 W - a ring of protection from cold (right hand)
 X - an uncursed ring of ice
Wands
 b - a wand of iceblast (3/15)
 t - a wand of paralysis (12/24)
 y - a wand of digging (10/24)
 L - a wand of disintegration (9/24)
 P - a wand of acid (9/15)
 Q - a wand of digging (14/24)
Scrolls
 a - a scroll of summoning
 f - a scroll of blinking
 l - a scroll of immolation
 o - 2 scrolls of amnesia
 s - 6 scrolls of remove curse
 w - 7 scrolls of teleportation
 A - 4 scrolls of fog
 E - a scroll of brand weapon
 F - 6 scrolls of magic mapping
 K - 4 scrolls of recharging
 M - 4 scrolls of identify
 O - a scroll of fear
Potions
 g - a potion of magic
 j - a potion of heal wounds
 p - 8 potions of agility
 q - 6 potions of curing
 z - a potion of might
 B - a potion of cancellation
 D - 6 potions of haste
 H - a potion of flight
 J - a potion of brilliance
 R - 5 potions of resistance
 S - 2 potions of berserk rage
 T - 2 potions of lignification
 U - a potion of invisibility
Miscellaneous
 x - a lightning rod (4/4)
Comestibles
 c - 20 bread rations
 r - 9 meat rations
 Y - 3 chunks of flesh
 Z - a royal jelly


   Skills:
 + Level 9.6 Fighting
 + Level 6.9 Short Blades
   Level 0.1(4.2) Long Blades
 - Level 9.4 Maces & Flails
 + Level 6.6 Dodging
 - Level 8.5 Stealth
 - Level 10.1 Shields
 - Level 0.6 Unarmed Combat
 + Level 11.6 Spellcasting
 + Level 13.5 Conjurations
 - Level 4.0 Hexes
 - Level 3.0 Fire Magic
 * Level 12.6 Ice Magic
 - Level 7.0 Air Magic
 + Level 7.7 Invocations


You had 6 spell levels left.
You knew the following spells:

 Your Spells              Type           Power        Failure   Level  Hunger
a - Magic Dart            Conj           ####         1%          1    None
b - Searing Ray           Conj           ######       1%          2    None
c - Dazzling Spray        Conj/Hex       ######       1%          3    None
d - Iskenderun's Mystic   Conj           #######.     1%          4    None
e - Sticky Flame          Conj/Fire      ######..     3%          4    None
f - Fireball              Conj/Fire      ######....   12%         5    ####...
g - Freezing Cloud        Conj/Ice/Air   ######....   21%         6    #####..
h - Apportation           Tloc           ###...       14%         1    None
i - Orb of Destruction    Conj           #######...   32%         7    #######


Dungeon Overview and Level Annotations

Branches:
Dungeon (15/15)            Temple (1/1) D:4            Lair (6/6) D:11
 Shoals (4/4) Lair:4        Snake (3/4) Lair:2        Slime (0/5) Lair:5
    Orc (2/2) D:9             Elf (0/3) Orc:2        Vaults (0/5) D:14
 Depths (1/5) D:15

Altars:
Elyvilon
Fedhas
Gozag
Hepliaklqana
Uskayaw
Wu Jian
Xom
Zin
The Shining One

Shops:
D:2 *   D:8 !   Orc:1 (   Orc:2 [*(=   Shoals:1 *

Annotations:
D:2 exclusion: oklob plant
Snake:2 Donald


Innate Abilities, Weirdness & Mutations

You have a pair of small antennae on your head.
You are completely covered in yellow scales. (AC +4, rCorr)
Your flesh is very cold resistant. (rC++)
You frequently emit foul miasma when damaged in melee.
You resist negative energy. (rN+)
You are immune to rotting.
You are immune to freezing clouds.
Your life essence is reduced. (-10% HP)
You have a beak for a mouth.
You tend to lose your temper in combat.
Your system is resistant to poisons. (rPois)
You are covered in fur. (AC +1)
Your muscles are strong. (Str +2)
Your spells are a little harder to cast, but a little more powerful.


Message History

The water elemental hits you.
The water elemental engulfs you in water!
Unknown command.
Unknown command.
With effort, you pull free of the water engulfing you.
You gasp with relief as air once again reaches your lungs.
The merfolk impaler misses you.
The merfolk hits you from afar with a spear!!
* * * LOW HITPOINT WARNING * * *
SerV1lat hits the water elemental but does no damage.
The merfolk impaler barely misses you. The water elemental barely misses you.
The merfolk hits you from afar with a spear!
* * * LOW HITPOINT WARNING * * *
You block the merfolk impaler's attack.
SerV1lat hits the water elemental with a broad axe of flaming!
SerV1lat burns the water elemental.
The merfolk impaler completely misses you.
The water elemental barely misses you.
The merfolk hits you from afar with a spear!
You die...

.....#....(#≈≈≈##≈≈≈##≈≈≈≈≈≈≈≈≈≈≈
.....#.(|..#≈≈≈#≈≈≈≈≈#≈P..≈P≈≈≈≈≈
.)...#.....#.≈≈#≈≈)≈≈#≈≈#########
≈≈...##(..##.≈≈#.≈≈≈≈#.≈#
.....(##)##...≈##≈≈≈##≈≈#≈##..≈≈≈
.....(..)......≈##'##≈≈P#≈≈#)._≈(
≈....(..((#####≈R≈mm≈≈≈.##≈≈≈)≈≈)
≈..P....(##...##E≈m≈≈≈PP# #≈≈≈≈≈≈
P...P.P..#....)#@≈≈P)≈≈P# #≈≈≈≈(≈
≈.PPP....#≈≈)≈≈'≈P≈≈P≈≈P# #≈≈≈≈≈
≈P...P≈..#≈≈≈≈)#≈≈PP≈≈≈≈# #≈≈≈≈≈
≈P≈P.≈≈≈P##≈≈≈##P≈≈P≈≈≈≈####.....
≈≈≈≈≈≈≈≈≈≈#####≈≈≈≈≈≈≈≈≈.≈.......
≈≈≈P≈≈≈≈≈≈≈≈≈≈≈≈≈≈≈≈≈≈≈≈≈≈≈≈≈....
P≈≈≈P≈≈≈≈≈≈≈≈≈≈≈≈≈≈≈≈≈≈≈≈≈≈≈≈≈≈≈≈
≈≈≈P≈≈≈≈≈≈≈≈≈≈≈≈≈≈≈≈≈≈≈≈≈≈≈≈≈≈≈≈≈
≈≈≈≈≈≈≈≈≈≈≈≈≈≈≈≈≈≈≈≈≈≈≈


You could see the friendly serV1lat the knight, a merfolk impaler, 2 merfolk and
a water elemental.

Vanquished Creatures
  Mara (Shoals:3)
  Rupert (Orc:2)
  A nagaraja (Snake:2)
  A fire giant (D:15)
  Aizul (Snake:1)
  Louise (Shoals:1)
  An orc warlord (Orc:2)
  A dire elephant (Lair:6)
  Azrael (D:15)
  A merfolk javelineer (Shoals:2)
  6 merfolk impalers
  4 hydras
  2 naga warriors
  Erica (Lair:2)
  4 merfolk avatars
  A catoblepas (Lair:6)
  A merfolk aquamancer (Shoals:2)
  A centaur warrior (D:13)
  3 anacondas
  2 deep troll shamans
  An ogre mage (Depths:1)
  7 two-headed ogres
  A queen ant (shapeshifter) (Depths:1)
  4 naga sharpshooters (Snake:2)
  4 death yaks (Lair:6)
  3 orc high priests (Orc:2)
  Urug (D:11)
  A shock serpent (Snake:1)
  Sonja (Lair:3)
  2 sea snakes (Shoals:4)
  An unseen horror (D:15)
  A deep troll (Depths:1)
  An anaconda skeleton (Volcano)
  A necromancer (Lair:6)
  3 naga ritualists
  An orc knight (Orc:2)
  Pikel (D:8)
  A wolf spider (D:11)
  2 fauns
  9 harpies
  A wolf spider zombie (D:15)
  5 mana vipers
  An orc sorcerer (Orc:2)
  2 oklob plants (Lair:1)
  4 cyclopes
  4 deep elf magi
  8 ugly things
  3 salamanders (Snake:2)
  10 manticores
  16 black mambas
  5 water nymphs
  3 ice statues (IceCv)
  9 elephants
  4 merfolk sirens
  4 naga magi
  8 spiny frogs
  A guardian serpent (Snake:2)
  An eye of devastation (Lair:5)
  7 gargoyles
  A torpor snail (Lair:2)
  A rime drake (Snake:1)
  8 komodo dragons
  2 meliai (D:13)
  A queen bee (D:12)
  6 trolls
  A hornet (D:9)
  11 merfolk
  10 blink frogs
  6 dream sheep
  3 wind drakes
  10 hippogriffs
  6 snapping turtles
  A redback (shapeshifter) (D:15)
  2 spriggans (Lair:3)
  Sigmund (D:3)
  3 water elementals
  A fire elemental (D:15)
  28 yaks
  2 hogs (Shoals:3)
  2 basilisks
  A hungry ghost (D:14)
  Menkaure (D:4)
  2 wargs (Orc:2)
  23 nagas
  8 water moccasins
  3 hell hounds (D:15)
  12 porcupines
  24 orc warriors
  A slave (D:8)
  4 black bears
  An eye of draining (D:15)
  17 ice beasts
  4 sky beasts
  2 phantoms
  10 centaurs
  A knight (Depths:1)
  5 ogres
  19 wolves
  A big kobold (D:11)
  10 crocodiles
  19 bullfrogs
  3 scorpions
  14 wights
  The ghost of Malvoorn the Skirmisher, a weakling DsAK of Lugonu (D:3)
  3 spriggan skeletons (Volcano)
  5 killer bees
  A troll skeleton (Volcano)
  An electric eel (Lair:5)
  6 howler monkeys
  A bullfrog zombie (D:6)
  3 centaur zombies
  3 crimson imps
  12 hounds
  2 quasits
  20 orc priests
  4 bullfrog skeletons
  4 centaur skeletons
  A gnoll shaman (D:7)
  12 jellies
  27 orc wizards
  Jessica (D:2)
  Ijyb (D:3)
  Terence (D:2)
  3 iguanas
  3 polar bear simulacra (Lair:6)
  6 worker ants
  A yak simulacrum (Lair:6)
  A wolf simulacrum (Lair:6)
  3 naga skeletons (Volcano)
  Robin (D:3)
  11 gnolls
  12 adders
  5 shadow imps
  2 oozes
  An adder zombie (D:9)
  An adder skeleton (D:7)
  3 worms
  3 dart slugs
  8 leopard geckos
  65 orcs
  4 giant cockroaches
  11 goblins
  8 hobgoblins
  7 jackals (D:3)
  14 kobolds
  7 quokkas
  A ball python (D:3)
  5 bats
  7 frilled lizards
  7 rats
  4 river rat simulacra (Lair:6)
  2 plants
783 creatures vanquished.

Vanquished Creatures (collateral kills)
  Frances (Shoals:1)
  An orc warlord (Orc:2)
  A merfolk javelineer (Shoals:4)
  Erolcha (D:11)
  4 hydras
  3 naga warriors
  Harold (D:10)
  An anaconda (Snake:2)
  2 merfolk avatars
  2 merfolk aquamancers
  An alligator snapping turtle (Shoals:4)
  5 two-headed ogres
  2 naga sharpshooters
  An orc high priest (Orc:2)
  A salamander mystic (Snake:1)
  2 iron trolls (Depths:1)
  A deep troll (Depths:1)
  A naga ritualist (Snake:2)
  3 sea snakes
  A lindwurm (Lair:6)
  5 harpies
  A necromancer (D:14)
  2 orc knights (Orc:2)
  3 orc sorcerers (Orc:2)
  2 oklob plants (Lair:1)
  7 ugly things
  3 mana vipers (Snake:2)
  2 fauns (Shoals:2)
  6 manticores
  3 black mambas
  A salamander (Snake:2)
  2 water nymphs (Shoals:2)
  A merfolk siren (Shoals:4)
  Joseph (D:10)
  6 elephants
  A centaur skeleton (D:13)
  6 naga magi
  3 spiny frogs
  A gargoyle (D:14)
  A rime drake (Lair:5)
  7 merfolk
  2 trolls
  2 blink frogs (Lair:6)
  A wind drake (Shoals:4)
  4 snapping turtles
  A meliai (D:13)
  7 hippogriffs
  3 dream sheep
  An alligator skeleton (Volcano)
  3 water elementals
  2 vampires
  2 wraiths (D:14)
  2 flying skulls (Volcano)
  A wyvern (D:14)
  11 yaks
  4 basilisks (Lair:5)
  A hog (Shoals:3)
  A hungry ghost (D:11)
  A warg (Orc:2)
  6 nagas
  5 water moccasins
  An acid dragon (D:13)
  5 porcupines
  A black bear (D:9)
  3 sky beasts
  3 ice beasts
  16 orc warriors
  3 phantoms
  7 ogres
  An eye of draining (D:10)
  5 wolves
  4 centaurs
  A crocodile (shapeshifter) (D:13)
  A crocodile (Lair:6)
  7 bullfrogs
  3 scorpions
  7 killer bees
  7 wights
  A howler monkey (D:9)
  2 bullfrog zombies
  2 crimson imps
  6 jellies
  A quasit (D:9)
  A hound (D:14)
  11 orc priests
  A gnoll shaman (D:5)
  An iguana (shapeshifter) (D:12)
  12 orc wizards
  4 worker ants
  A polar bear simulacrum (Lair:6)
  A wolf simulacrum (Lair:6)
  4 gnolls (D:5)
  6 adders
  A shadow imp (D:6)
  An adder skeleton (D:4)
  2 adder zombies
  2 leopard geckos
  28 orcs
  A giant cockroach (D:8)
  A quokka skeleton (D:5)
  A river rat simulacrum (Lair:6)
  3 plants
328 creatures vanquished.

Vanquished Creatures (others)
  Kirke (Shoals:3)
  Nessos (D:15)
  A merfolk (Shoals:2)
  A flying skull (Volcano)
  A naga (Snake:1)
  2 slaves (D:8)
  2 centaurs (Shoals:4)
  19 knights
  A worker ant (D:8)
  3 ancestors
  An orc (D:8)
  14 fungi
  22 plants
69 creatures vanquished.

Grand Total: 1180 creatures vanquished

Notes
Turn   | Place    | Note
-------+----------+-------------------------------------------
     0 | D:1      | inmateoo the Demonspawn Conjurer began the quest for the Orb.
     0 | D:1      | Reached XP level 1. HP: 13/13 MP: 3/3
   327 | D:1      | Gained mutation: You are partially covered in yellow scales. (AC +2) [demonic ancestry]
   327 | D:1      | Reached XP level 2. HP: 14/19 MP: 0/5
   382 | D:1      | Learned a level 2 spell: Searing Ray
   945 | D:2      | Noticed Jessica
   952 | D:2      | Killed Jessica
   952 | D:2      | Gained mutation: Your flesh is cold resistant. (rC+) [demonic ancestry]
   952 | D:2      | Reached XP level 3. HP: 24/24 MP: 2/6
  1160 | D:2      | Found Zin's Purification Station.
  1162 | D:2      | Found a glowing silver altar of Zin.
  1252 | D:2      | Noticed Terence
  1379 | D:2      | Killed Terence
  1379 | D:2      | Reached XP level 4. HP: 20/30 MP: 2/7
  1515 | D:2      | Reached skill level 5 in Conjurations
  1966 | D:2      | Found a blossoming altar of Fedhas.
  1982 | D:2      | Noticed an oklob plant
  2323 | D:3      | Gained mutation: You are mostly covered in yellow scales. (AC +3) [demonic ancestry]
  2323 | D:3      | Reached XP level 5. HP: 20/36 MP: 0/9
  2330 | D:3      | Noticed Robin
  2431 | D:3      | Killed Robin
  2431 | D:3      | Reached skill level 1 in Fighting
  2585 | D:3      | Noticed Ijyb
  2616 | D:3      | Killed Ijyb
  2886 | D:3      | Found a glowing golden altar of the Shining One.
  3283 | D:3      | Noticed Sigmund
  3294 | D:3      | Killed Sigmund
  3294 | D:3      | Reached skill level 1 in Short Blades
  3294 | D:3      | Gained mutation: You are immune to rotting. [demonic ancestry]
  3294 | D:3      | Reached XP level 6. HP: 35/44 MP: 2/10
  3416 | D:3      | Noticed Malvoorn's ghost (weakling DsAK)
  3497 | D:3      | Killed Malvoorn's ghost
  3879 | D:4      | Found a staircase to the Ecumenical Temple.
  3898 | D:4      | Noticed Menkaure
  3905 | D:4      | Reached XP level 7. HP: 27/50 MP: 6/11
  3908 | D:4      | Killed Menkaure
  3908 | D:4      | Reached skill level 6 in Conjurations
  4067 | Temple   | Entered the Ecumenical Temple
  4091 | Temple   | Became a worshipper of Hepliaklqana the Forgotten
  4756 | D:5      | Entered Level 5 of the Dungeon
  4763 | D:4      | Learned a level 3 spell: Dazzling Spray
  4768 | D:4      | Learned a level 4 spell: Iskenderun's Mystic Blast
  5156 | D:5      | Reached skill level 1 in Hexes
  5164 | D:5      | Reached skill level 1 in Maces & Flails
  5164 | D:5      | Gained mutation: You may emit foul miasma when damaged in melee. [demonic ancestry]
  5164 | D:5      | Reached XP level 8. HP: 51/51 MP: 3/13
  5415 | D:5      | Reached * piety under Hepliaklqana
  6453 | D:6      | Reached skill level 7 in Conjurations
  6475 | D:6      | Reached ** piety under Hepliaklqana
  6476 | D:6      | Remembered your ancestor serV1lat as a knight
  6748 | D:6      | Reached XP level 9. HP: 13/55 MP: 6/15
  8165 | D:7      | Reached skill level 5 in Stealth
  8807 | D:7      | Reached skill level 8 in Conjurations
  8985 | D:8      | Found Ytsiud's Distillery.
  8985 | D:8      | Noticed Pikel
  8996 | D:8      | Killed Pikel
  8996 | D:8      | Reached skill level 5 in Spellcasting
  9001 | D:8      | Bought a potion of berserk rage for 60 gold pieces
  9001 | D:8      | Bought a potion of agility for 48 gold pieces
  9001 | D:8      | Bought a potion of curing for 36 gold pieces
  9001 | D:8      | Bought a potion of curing for 36 gold pieces
  9001 | D:8      | Bought a potion of haste for 120 gold pieces
  9001 | D:8      | Bought a potion of curing for 36 gold pieces
  9001 | D:8      | Bought a potion of curing for 36 gold pieces
  9037 | D:8      | Reached skill level 5 in Maces & Flails
  9139 | D:8      | Noticed a two-headed ogre
  9158 | D:8      | Learned a level 4 spell: Sticky Flame
  9173 | D:8      | Reached XP level 10. HP: 62/62 MP: 17/17
  9184 | D:8      | Learned a level 5 spell: Fireball
  9637 | D:8      | Killed a two-headed ogre
  9637 | D:8      | Reached skill level 9 in Conjurations
  9637 | D:8      | Reached skill level 1 in Fire Magic
 10438 | D:9      | Reached skill level 1 in Invocations
 10451 | D:9      | Gained mutation: You are covered in fur. (AC +1) [mutagenic meat]
 10452 | D:9      | Gained mutation: Your muscles are strong. (Str +2) [mutagenic meat]
 10453 | D:9      | Gained mutation: You are dopey. (Int -2) [mutagenic meat]
 10454 | D:9      | Gained mutation: You are clumsy. (Dex -2) [mutagenic meat]
 10455 | D:9      | Gained mutation: You have large cloven feet. [mutagenic meat]
 10930 | D:9      | Reached *** piety under Hepliaklqana
 11890 | D:9      | Found a staircase to the Orcish Mines.
 12084 | D:10     | Entered Level 10 of the Dungeon
 12162 | D:10     | Noticed Harold
 12179 | D:10     | Killed Harold
 12179 | D:10     | Gained mutation: You are immune to freezing clouds. [demonic ancestry]
 12179 | D:10     | Reached XP level 11. HP: 55/68 MP: 7/20
 12255 | D:10     | Reached skill level 10 in Conjurations
 12901 | D:10     | Gained mutation: Scrolls take you a little longer to read. [mutagenic meat]
 12994 | D:10     | Noticed Joseph
 13029 | D:10     | Killed Joseph
 14113 | D:11     | Noticed a two-headed ogre
 14131 | D:11     | Killed a two-headed ogre
 14275 | D:11     | Reached skill level 5 in Fighting
 14329 | D:11     | Noticed Erolcha
 14343 | D:11     | Killed Erolcha
 14541 | D:11     | Noticed a two-headed ogre
 14554 | D:11     | Killed a two-headed ogre
 14554 | D:11     | Reached skill level 11 in Conjurations
 15226 | D:11     | Found a staircase to the Lair.
 15340 | D:11     | Noticed Urug
 15380 | D:11     | Noticed a wolf spider
 15579 | D:11     | Noticed a two-headed ogre
 15593 | D:11     | Killed a two-headed ogre
 15593 | D:11     | Reached XP level 12. HP: 77/77 MP: 22/22
 15653 | D:11     | Noticed a two-headed ogre
 15672 | D:11     | Killed a two-headed ogre
 16046 | Lair:1   | Entered Level 1 of the Lair of Beasts
 16059 | Lair:1   | Reached **** piety under Hepliaklqana
 16158 | Lair:1   | Found a dark tunnel.
 16163 | Volcano  | Entered a volcano
 17319 | Lair:1   | Reached skill level 12 in Conjurations
 17353 | Lair:1   | Noticed an eight-headed hydra
 17394 | Lair:3   | Noticed Sonja
 17397 | Lair:3   | You fall through a shaft for 2 floors!
 17649 | Lair:5   | Found a staircase to the Slime Pits.
 17659 | Lair:5   | Lost mutation: You are dopey. (Int -2) [potion of mutation]
 17659 | Lair:5   | Lost mutation: Your muscles are strong. (Str +2) [potion of mutation]
 17659 | Lair:5   | Lost mutation: You have large cloven feet. [potion of mutation]
 17659 | Lair:5   | Gained mutation: You are frail. (-10% HP) [potion of mutation]
 17659 | Lair:5   | Gained mutation: Armour fits poorly on your strangely shaped body. [potion of mutation]
 17659 | Lair:5   | Lost mutation: You are frail. (-10% HP) [potion of mutation]
 17660 | Lair:5   | Lost mutation: Scrolls take you a little longer to read. [potion of mutation]
 17660 | Lair:5   | Lost mutation: You are clumsy. (Dex -2) [potion of mutation]
 17660 | Lair:5   | Lost mutation: Armour fits poorly on your strangely shaped body. [potion of mutation]
 17660 | Lair:5   | Gained mutation: You are completely covered in yellow scales. (AC +4, rCorr) [potion of mutation]
 17660 | Lair:5   | Gained mutation: You tend to lose your temper in combat. [potion of mutation]
 17660 | Lair:5   | Gained mutation: Your flesh is heat resistant. (rF+) [potion of mutation]
 17697 | Lair:5   | Got a fine diamond amulet
 17698 | Lair:5   | Identified the amulet of Neurosis {Reflect *Drain rF++ MP+9 SH+5 Stlth+} (You found it on level 5 of the Lair of Beasts)
 17873 | Lair:5   | Noticed a five-headed hydra
 17886 | Lair:5   | Killed a five-headed hydra
 17940 | Lair:5   | Reached skill level 5 in Invocations
 18199 | Lair:5   | Gained mutation: You frequently emit foul miasma when damaged in melee. [demonic ancestry]
 18199 | Lair:5   | Reached XP level 13. HP: 86/86 MP: 24/24
 18381 | Lair:5   | Got a distressingly furry leather armour
 18384 | Lair:5   | Identified the +1 leather armour of the Mind {*Corrode rElec Str+3 Slay+3} (You found it on level 5 of the Lair of Beasts)
 18625 | Lair:5   | Reached skill level 5 in Dodging
 18814 | Lair:4   | Found a staircase to the Shoals.
 19221 | Lair:4   | Reached ***** piety under Hepliaklqana
 19858 | Lair:3   | Killed Sonja
 19883 | Lair:3   | Learned a level 6 spell: Freezing Cloud
 20177 | Lair:3   | Reached skill level 1 in Ice Magic
 20342 | Lair:3   | Reached skill level 1 in Air Magic
 21343 | Lair:2   | Reached skill level 1 in Shields
 21677 | Lair:2   | Found a staircase to the Snake Pit.
 21749 | Lair:2   | Noticed Erica
 21765 | Lair:2   | Killed Erica
 22524 | Lair:1   | Reached skill level 5 in Ice Magic
 23238 | Lair:1   | Gained mutation: You resist negative energy. (rN+) [demonic ancestry]
 23238 | Lair:1   | Reached XP level 14. HP: 81/92 MP: 26/26
 24069 | Lair:6   | Entered Level 6 of the Lair of Beasts
 24153 | Lair:6   | Found a frozen archway.
 24239 | Lair:6   | Reached skill level 5 in Shields
 24423 | IceCv    | Entered an ice cave
 24674 | IceCv    | Gained mutation: Scrolls take you a little longer to read. [mutagenic meat]
 24676 | IceCv    | Gained mutation: Your spells are a little harder to cast, but a little more powerful. [mutagenic meat]
 26213 | Lair:6   | Identified the +0 ring mail "Ybedoaw" {rElec SInv} (You found it on level 6 of the Lair of Beasts)
 26526 | Lair:6   | Learned a level 1 spell: Apportation
 27054 | D:11     | Killed Urug
 28848 | D:13     | HP: 4/92 [meliai/divine providence (15)]
 29166 | D:14     | Reached skill level 5 in Air Magic
 29332 | D:14     | Reached ****** piety under Hepliaklqana
 29411 | D:14     | Reached XP level 15. HP: 97/97 MP: 28/28
 29935 | D:14     | Found a gate to the Vaults.
 30655 | D:13     | Reached skill level 10 in Spellcasting
 30867 | D:15     | Entered Level 15 of the Dungeon
 30875 | D:15     | Noticed Nessos
 30885 | D:15     | Killed Nessos
 31259 | D:15     | Identified a scroll of acquirement
 31307 | D:15     | Found a staircase to the Depths.
 31307 | D:15     | Noticed a fire giant
 31821 | D:15     | Killed a fire giant
 31863 | D:15     | Noticed Azrael
 31865 | D:15     | Reached skill level 10 in Ice Magic
 31876 | D:15     | Killed Azrael
 32122 | D:15     | Learned a level 7 spell: Orb of Destruction
 32510 | Orc:1    | Entered Level 1 of the Orcish Mines
 32567 | Orc:2    | Entered Level 2 of the Orcish Mines
 32640 | Orc:2    | Noticed Rupert
 32667 | Orc:1    | Found Ateqicw's Antique Weapon Emporium.
 33237 | D:8      | Bought a potion of agility for 48 gold pieces
 33237 | D:8      | Bought a potion of brilliance for 48 gold pieces
 33237 | D:8      | Bought a potion of degeneration for 12 gold pieces
 33373 | Orc:2    | Killed Rupert
 33510 | Orc:2    | Noticed an orc warlord
 33532 | Orc:2    | Killed an orc warlord
 34090 | Orc:2    | Found Qaokkini's Antique Armour Shop.
 34091 | Orc:2    | Found Kien's Antique Weapon Shop.
 34121 | Orc:2    | Found Keyxi's General Store.
 34121 | Orc:2    | Found Emneil's Jewellery Boutique.
 34126 | Orc:2    | Bought an uncursed ring of protection from magic for 350 gold pieces
 34368 | Orc:2    | Noticed an orc warlord
 34390 | Orc:2    | Killed an orc warlord
 34448 | Orc:2    | Found a staircase to the Elven Halls.
 34771 | Depths:1 | Entered Level 1 of the Depths
 34792 | Depths:1 | Reached XP level 16. HP: 51/104 MP: 18/30
 34855 | D:15     | Lost mutation: Your flesh is heat resistant. (rF+) [mutagenic meat]
 34858 | D:15     | Gained mutation: Your muscles are strong. (Str +2) [mutagenic meat]
 34859 | D:15     | Lost mutation: Scrolls take you a little longer to read. [mutagenic meat]
 34861 | D:15     | Gained mutation: You have a beak for a mouth. [mutagenic meat]
 34862 | D:15     | Gained mutation: You have a pair of small horns on your head. [mutagenic meat]
 34863 | D:15     | Gained mutation: Your flesh is very cold resistant. (rC++) [mutagenic meat]
 34864 | D:15     | Gained mutation: You have a pair of horns on your head. [mutagenic meat]
 34865 | D:15     | Gained mutation: Your system is resistant to poisons. (rPois) [mutagenic meat]
 35324 | Snake:1  | Entered Level 1 of the Snake Pit
 35714 | Snake:1  | Reached skill level 5 in Short Blades
 35898 | Snake:1  | Noticed Aizul
 35919 | Snake:1  | Killed Aizul
 38963 | Snake:2  | Noticed Donald
 39608 | Snake:2  | Reached skill level 10 in Shields
 40640 | Shoals:1 | Entered Level 1 of the Shoals
 40713 | Shoals:1 | Noticed Frances
 40755 | Shoals:1 | Reached skill level 13 in Conjurations
 41220 | Shoals:1 | Killed Frances
 41668 | Shoals:1 | Found Uhoo's General Store.
 41702 | Shoals:1 | Noticed Louise
 41713 | Shoals:1 | Bought a potion of curing for 36 gold pieces
 41713 | Shoals:1 | Bought a scroll of enchant armour for 90 gold pieces
 41713 | Shoals:1 | Bought a scroll of teleportation for 36 gold pieces
 42108 | Shoals:1 | Lost mutation: You have a pair of horns on your head. [demonic ancestry]
 42108 | Shoals:1 | Lost mutation: You have a pair of small horns on your head. [demonic ancestry]
 42108 | Shoals:1 | Gained mutation: You have a pair of small antennae on your head. [demonic ancestry]
 42108 | Shoals:1 | Reached XP level 17. HP: 111/111 MP: 30/32
 42114 | Shoals:1 | Killed Louise
 43782 | Shoals:3 | Noticed Mara
 43789 | Shoals:3 | Killed Mara
 43960 | Shoals:3 | Noticed Kirke
 43978 | Shoals:3 | Killed Kirke
 44535 | Shoals:4 | Entered Level 4 of the Shoals
 44583 | Shoals:4 | Found an opulent altar of Gozag.
 45367 | Shoals:4 | Got a pitted golden ring
 45486 | Shoals:4 | Slain by a merfolk

Vault maps used:
D:1:      nicolae_arrival_washed_ashore, grunt_decor_mini_mirrors
D:2:      zin_purify, tgw_fedhas, uniq_terence, uniq_jessica
D:3:      nicolae_tso_carved_into_rock, uniq_robin, uniq_sigmund, uniq_iyjb
D:4:      minmay_temple_entry_statues, first_bread, guppyfry_early_orc_mine,
          uniq_menkaure
D:5:      serial_bayou_ford_a, roderic_serpentine_path,
          minmay_misc_feat_enclosed
D:6:      hex_medium, hangedman_glass_teeth, grunt_ministairs_15
D:8:      serial_shops, nicolae_shop_stone, uniq_pikel
D:9:      david_orc_4
D:10:     minmay_goldmine, uniq_joseph, uniq_harold
D:11:     grunt_lair_entry_orc_guard_hut, uniq_urug, uniq_erolcha
D:14:     david_vaults_1
D:15:     grunt_enter_depths_giant_problem, uniq_azrael, uniq_nessos
Temple:   minmay_crystal_snake_temple
Lair:1:   nicolae_volcano_entry_s_turn, minmay_lair_oklob_chamber,
          grunt_megastairs_3, infiniplex_staircase_pool
Lair:2:   minmay_snake_entry_guardpost_medium, uniq_erica
Lair:3:   wad_woods_tower, minmay_holes, uniq_sonja
Lair:4:   elwin_shoals_entry_rocks
Lair:5:   beast_lair_carwin_large_2, minmay_slime_entry_jelly_boxes,
          minivault_19, serial_bayou_pond_c, kennysheep_basilisk_garden,
          serial_bayou_shore_a
Lair:6:   grunt_lair_end_beastmaster, portal_ice_cave_entry_ice_beasts,
          eino_house_with_fridge
Shoals:1: serial_shops, shop, uniq_frances, uniq_louise
Shoals:3: uniq_kirke, uniq_mara
Shoals:4: shoals_end_simple, shoal_ilsuiw, lemuel_centaur_altar
Snake:1:  spider_trap, uniq_aizul
Snake:2:  uniq_donald
Snake:3:  evilmike_ambush, uniq_agnes, uniq_roxanne
Orc:1:    serial_shops, nicolae_shop_overgrown_old_shop
Orc:2:    st_orc_congregation, uniq_rupert
Depths:1: grunt_hell_entry_dis_grunt, rand_demon_pan_entry_5,
          brannock_guarded_unrand_thermic_engine, minmay_shoptagon,
          serial_bayou_shore_b, infiniplex_staircase_pool_lava
IceCv:    ice_cave_statue_garden_chambered
Volcano:  volcano_tomb

Skill      XL: |  1  2  3  4  5  6  7  8  9 10 11 12 13 14 15 16 17 |
---------------+----------------------------------------------------+-----
Dodging        | 2 3 4 5 6 |  6.6
Stealth        | 2 3 4 5 6 7 8 |  8.5
Conjurations   | 5 6 7 8 9 11 12 13 | 13.5
Fighting       | 2 3 5 7 8 9 |  9.6
Short Blades   | 1 2 3 4 6 |  6.9
Spellcasting   | 3 4 5 6 7 8 9 10 11 | 11.6
Hexes          | 1 2 4 |  4.0
Maces & Flails | 1 3 5 6 8 9 |  9.4
Fire Magic     | 2 3 |  3.0
Invocations    | 3 5 7 |  7.7
Ice Magic      | 6 8 10 11 12 | 12.6
Air Magic      | 3 5 6 7 |  7.0
Shields        | 4 7 9 10 | 10.1
Long Blades    | |  0.1
Unarmed Combat | |  0.6

Action                   |  1- 3 |  4- 6 |  7- 9 | 10-12 | 13-15 | 16-18 || total
-------------------------+-------+-------+-------+-------+-------+-------++-------
Melee: Short sword       |    32 |    41 |       |       |       |       ||    73
       Unarmed           |     3 |       |       |       |       |       ||     3
       Falchion          |       |    21 |       |       |       |       ||    21
       Dagger            |       |   129 |    41 |       |       |       ||   170
       Punch             |       |     1 |     1 |     1 |       |       ||     3
       Whip              |       |       |   268 |   556 |   559 |       ||  1383
       Kick              |       |       |       |    87 |       |       ||    87
       Quick blade       |       |       |       |    34 |   975 |   648 ||  1657
       Headbutt          |       |       |       |       |       |   100 ||   100
       Peck              |       |       |       |       |       |   127 ||   127
 Cast: Magic Dart        |    16 |    33 |    26 |    14 |     7 |     1 ||    97
       Searing Ray       |     5 |    12 |    14 |    33 |     9 |     1 ||    74
       Dazzling Spray    |       |       |     7 |    42 |    36 |    21 ||   106
       Iskenderun's Myst |       |       |     9 |    17 |    11 |    10 ||    47
       Fireball          |       |       |       |     3 |    13 |     3 ||    19
       Sticky Flame      |       |       |       |     1 |    10 |    22 ||    33
       Freezing Cloud    |       |       |       |       |    17 |    27 ||    44
       Orb of Destructio |       |       |       |       |     4 |     7 ||    11
Invok: Ancestor Identity |       |       |     1 |       |       |     1 ||     2
       Ancestor Life: Kn |       |       |     1 |       |       |       ||     1
       Recall Ancestor   |       |       |     1 |     8 |     5 |     4 ||    18
       Idealise          |       |       |       |     1 |     2 |     5 ||     8
Evoke: Wand              |       |       |       |    22 |    29 |     1 ||    52
       Lightning rod     |       |       |       |       |     4 |       ||     4
  Use: Scroll            |     3 |     8 |     5 |    17 |    19 |    11 ||    63
       Potion            |       |       |     5 |     9 |     4 |     7 ||    25
 Stab: Sleeping          |     1 |     4 |     9 |    10 |    42 |    12 ||    78
       Distracted        |       |       |     3 |     5 |    10 |     2 ||    20
       Invisible         |       |       |     1 |    11 |     7 |     4 ||    23
       Confused          |       |       |       |     4 |     2 |     3 ||     9
       Paralysed         |       |       |       |       |    14 |     5 ||    19
       Petrifying        |       |       |       |       |     9 |     4 ||    13
       Petrified         |       |       |       |       |     2 |       ||     2
  Eat: Chunk             |     1 |    10 |    14 |    27 |    35 |    39 ||   126
       Fruit             |       |     3 |     3 |     1 |     3 |     1 ||    11
       Royal jelly       |       |     1 |     1 |     3 |     4 |     1 ||    10
       Meat ration       |       |       |       |     1 |     4 |     4 ||     9
Armor: Robe              |    12 |    63 |    88 |   173 |     1 |       ||   337
       Skin              |       |       |    55 |       |       |       ||    55
       Leather armour    |       |       |       |       |   249 |   151 ||   400
Dodge: Dodged            |    49 |   163 |   257 |   485 |   543 |   219 ||  1716
Block: Other             |       |       |       |    11 |    25 |       ||    36
       Buckler           |       |       |       |       |   427 |   278 ||   705
       Reflection        |       |       |       |       |    13 |    41 ||    54
       Rpst.: Falchion   |       |     7 |       |       |       |       ||     7
